Map: Slaying Fields

Players

Amix - Winner!

  • Race: Terran Terran
  • Spawn Location: 11:00

IoPinco - Winner!

  • Race: Protoss Protoss
  • Spawn Location: 9:00

Sorhey - Winner!

  • Race: Terran Terran
  • Spawn Location: 12:00

A.I. 3 (Easy)

  • Race: Zerg Zerg
  • Spawn Location: 5:00

A.I. 4 (Elite)

  • Race: Terran Terran
  • Spawn Location: 6:00

A.I. 5 (Very Hard)

  • Race: Protoss Protoss
  • Spawn Location: 3:00

VOD

Have the link to the VOD?

Description

Time

  • Played on: Nov. 23, 2016, 3:49 p.m.
  • Length: 27:14
Show
View Real Time Build Order
Export as new Build Order

Amix Terran - Winner!

Build Orders:  

Get SALT Encoding   

  12  0:02  SCV  
  13  0:16  SCV  
  14  0:24  Supply Depot  
  15  0:28  SCV  
  15  0:43  Refinery  
  15  0:50  Barracks  
  15  0:52  SCV  
  16  1:01  Barracks  
  16  1:04  SCV  
  17  1:26  SCV  
  18  1:39  Command Center  
  18  1:44  Marine  
  19  1:54  Orbital Command  
  19  2:04  Supply Depot  
  19  2:16  Marine  
  19  2:21  Marine  
  21  2:30  Barracks  
  21  2:41  SCV  
  22  2:53  SCV  
  23  2:59  Refinery, Engineering Bay  
  23  3:00  SCV  
  23  3:04  Marine, Engineering Bay  
  25  3:05  Marine  
  26  3:14  SCV  
  27  3:22  Marine  
  27  3:23  Marine, Orbital Command  
  29  3:31  Terran Infantry Weapons Level 1  
  29  3:32  SCV  
  30  3:36  Terran Infantry Armor Level 1  
  30  3:49  Marine  
  30  3:50  Marine x2  
  30  3:53  SCV x2  
  35  4:05  SCV x2  
  35  4:06  Refinery  
  35  4:07  Marine x2  
  35  4:08  Refinery  
  40  4:17  SCV x2  
  40  4:24  Factory  
  41  4:29  SCV  
  42  4:38  Ghost Academy  
  42  4:41  Barracks Reactor  
  42  4:45  Barracks Tech Lab  
  42  4:47  SCV x2  
  44  4:59  SCV x2  
  46  5:07  Supply Depot  
  46  5:09  Supply Depot  
  46  5:13  Personal Cloaking  
  46  5:15  Supply Depot  
  46  5:28  Marine  
  46  5:29  SCV x2  
  49  5:37  Armory  
  49  5:39  Armory  
  49  5:40  Factory Tech Lab  
  49  5:42  SCV x2  
  51  5:46  Marine  
  52  6:02  Refinery, Command Center  
  52  6:03  SCV x2  
  54  6:06  Refinery  
  55  6:15  SCV x2  
  55  6:17  Barracks Tech Lab  
  56  6:27  SCV  
  57  6:32  Ghost Academy  
  57  6:35  Ghost Academy x2  
  57  6:37  Terran Infantry Weapons Level 2  
  57  6:39  Ghost Academy  
  57  6:42  Marine x4  
  57  6:43  Ghost Academy  
  57  6:44  Terran Infantry Armor Level 2  
  61  6:50  Concussive Shells  
  61  7:00  Marine  
  62  7:12  Marine x2  
  62  7:13  Marauder  
  66  7:20  SCV x2  
  68  7:24  Orbital Command  
  68  7:31  Marauder  
  68  7:32  SCV x2  
  68  7:34  Ghost  
  68  7:36  Marine x2  
  76  7:41  Nuke  
  76  7:44  SCV x2  
  78  7:52  Marauder  
  78  7:54  Marine x2  
  78  7:56  SCV x2  
  84  7:59  Nuke  
  84  8:00  Nuke  
  84  8:08  SCV  
  85  8:40  Nuke  
  85  8:41  Nuke x2  
  85  8:52  Barracks  
  85  8:54  Barracks  
  85  8:55  Barracks  
  85  8:56  Barracks  
  85  9:19  Supply Depot x2  
  85  9:21  Supply Depot  
  85  9:22  Supply Depot x2  
  85  9:25  Supply Depot  
  85  9:40  Marine x2, SCV x3, Ghost  
  85  9:41  Marauder  
  85  9:43  Barracks Tech Lab x2  
  85  9:44  Barracks Tech Lab x2  
  94  9:46  Supply Depot  
  94  9:47  Supply Depot  
  94  9:50  Supply Depot  
  94  9:52  SCV x3, Supply Depot  
  94  9:54  Supply Depot  
  94  9:58  Marine x2  
  99  10:02  Ghost  
  99  10:05  SCV x3  
  102  10:09  Marauder  
  103  10:16  Marine x2  
  103  10:17  SCV x3  
  103  10:20  Marauder x2, Ghost  
  103  10:21  Marauder  
  116  10:30  Ghost  
  116  10:31  Marauder  
  116  10:34  Marine x2  
  122  10:41  Marine x2, Ghost  
  126  10:49  Marine  
  127  10:51  Marine x2  
  127  10:52  Ghost, Combat Shields  
  127  10:53  Stimpack  
  131  10:58  Ghost  
  131  10:59  Marine x2  
  135  11:05  Barracks  
  135  11:06  Barracks  
  135  11:07  Marine  
  135  11:09  Marine x3  
  138  11:12  Barracks  
  138  11:17  Marine x2  
  133  11:21  Marine  
  133  11:24  Marine  
  124  11:27  Marine x4  
  126  11:35  Marine x2  
  126  11:38  Marine  
  129  11:42  Marine  
  129  11:45  Marine x4  
  134  11:52  Ghost x2  
  138  11:56  Ghost  
  138  12:00  Barracks x2, Marine  
  141  12:02  Ghost  
  141  12:03  Marine x2, Ghost  
  141  12:04  Barracks  
  141  12:08  Barracks x2  
  147  12:10  Barracks  
  147  12:15  Supply Depot  
  147  12:16  Supply Depot  
  147  12:17  Supply Depot  
  147  12:18  Marine  
  147  12:20  Marine x2  
  147  12:22  Marauder x2  
  148  12:25  Marauder  
  136  12:32  Marauder x2  
  136  12:36  Marine  
  140  12:38  Marine x2  
  140  12:41  Barracks Reactor x3  
  140  12:43  Marauder x2  
  146  12:47  Marauder, Infernal Pre-Igniter  
  148  12:53  Marauder x2  
  148  12:54  Marine  
  148  12:56  Marine x2  
  155  12:58  Nuke  
  155  13:01  Starport  
  155  13:06  Starport  
  155  13:09  Starport  
  98  14:05  Mag-Field Launchers  
  98  14:06  Marauder x6  
  98  14:07  Marine x6  
  98  14:08  Marine x8  
  122  14:25  Marine x2  
  122  14:27  Marauder x5  
  107  14:54  Marine x2  
  107  14:55  Marine x8  
  107  14:56  Marine x5  
  107  14:57  Marine  
  116  15:24  Drilling Claws  
  116  15:51  Marine x6  
  116  15:52  Marine x5  
  126  16:34  Command Center  
  88  17:56  Unknown  
  67  18:29  Command Center x2  
  67  19:01  Marine  
  67  19:02  Marine x9  
  74  19:03  Marine  
  78  19:24  Marine x2, SCV  
  79  19:25  Marine x3  
  84  19:46  Orbital Command  
  84  19:55  Marine x2  
  84  19:56  Marine x2  
  87  20:34  Marine x6  
  87  20:35  Marauder x3, Marine, Command Center  
  90  20:36  Marine  
  79  21:02  Marine x9  
  79  21:03  Marine x10  
  79  21:04  Marine  
  94  21:12  Terran Infantry Armor Level 3  
  94  21:19  Marine x2, Terran Infantry Weapons Level 3  
  94  21:20  Marine  
  97  21:28  Unknown  
  97  21:54  Marine x10  
  96  21:55  Marine x8  
  113  22:10  Marine x2  
  113  22:11  Marine  
  113  22:12  Marine x10  
  113  22:13  Marine x7  
  133  22:27  Marine  
  133  22:28  Marine  
  133  22:29  Marine x4  
  136  22:30  Marine x7  
  136  22:31  Marauder x3  
  136  22:32  Marauder, Marine  
  136  22:33  Marine  
  156  22:46  Marauder x2  
  160  22:53  Marauder x2  
  164  23:14  Marine x6  
  164  23:15  Reaper x4  
  164  23:16  Reaper x8  
  164  23:17  Reaper x2  
  184  23:32  Reaper x4  
  184  23:33  Reaper x2  
  179  23:37  Unknown  
  163  23:47  Reaper x3  
  159  24:02  Medivac x3  
  165  24:32  Medivac x3  
  171  25:01  Medivac  
  171  25:02  Medivac x2  
  147  25:31  Medivac  
  147  25:32  Medivac x2  
  102  26:09  Marine x3  
  102  26:10  Marine x6  
  102  26:11  Marine x11  
  110  26:27  Marine x5, Unknown  
  110  26:28  Marine x4  
  110  26:29  Marine x11  
  129  26:37  Unknown  
  129  26:45  Marine x6  
  129  26:46  Marine x4  
  129  26:47  Marine x10  
Show
View Real Time Build Order
Export as new Build Order

IoPinco Protoss - Winner!

Build Orders:  

Get SALT Encoding   

  12  0:02  Probe (Chrono Boost)  
  13  0:14  Pylon  
  13  0:19  Probe (Chrono Boost)  
  14  0:29  Probe (Chrono Boost)  
  15  0:35  Gateway  
  15  0:42  Assimilator  
  15  0:45  Probe (Chrono Boost)  
  16  0:55  Probe (Chrono Boost)  
  17  1:04  Gateway  
  17  1:09  Probe (Chrono Boost)  
  18  1:19  Probe (Chrono Boost)  
  18  1:23  Cybernetics Core  
  19  1:30  Probe (Chrono Boost)  
  20  1:39  Pylon  
  20  1:43  Pylon  
  20  2:00  Mothership Core (Chrono Boost)  
  22  2:07  Assimilator  
  22  2:18  Nexus  
  22  2:23  Adept (Chrono Boost)  
  26  2:33  Adept (Chrono Boost)  
  26  2:34  Warp Gate (Chrono Boost)  
  26  2:38  Probe  
  27  2:49  Adept (Chrono Boost)  
  27  2:51  Probe  
  30  3:03  Probe  
  33  3:14  Stalker (Chrono Boost)  
  33  3:15  Probe  
  34  3:27  Probe  
  35  3:37  Probe  
  35  3:39  Probe  
  35  3:40  Pylon  
  37  3:44  Pylon  
  37  3:48  Probe  
  37  3:51  Probe  
  37  3:53  Stalker  
  41  3:58  Probe  
  42  4:03  Robotics Facility, Probe  
  43  4:16  Probe  
  43  4:17  Probe  
  45  4:26  Probe  
  45  4:27  Assimilator  
  45  4:29  Probe, Assimilator  
  47  4:36  Gateway  
  47  4:37  Probe  
  48  4:46  Adept  
  48  4:47  Stalker  
  48  4:48  Probe  
  48  4:49  Probe  
  54  4:58  Probe  
  54  5:01  Probe  
  56  5:07  Adept  
  56  5:10  Probe  
  56  5:11  Immortal (Chrono Boost)  
  56  5:14  Probe  
  64  5:21  Robotics Bay  
  64  5:22  Probe  
  64  5:26  Probe  
  66  5:29  Stalker x2  
  70  5:44  Pylon  
  70  5:51  Robotics Facility  
  70  5:52  Pylon  
  70  5:54  Pylon  
  70  6:02  Probe x2  
  72  6:16  Nexus  
  72  6:19  Probe  
  72  6:20  Probe  
  72  6:21  Disruptor (Chrono Boost)  
  77  6:28  Twilight Council  
  77  6:34  Probe  
  77  6:35  Gateway, Probe  
  77  6:36  Gateway  
  77  6:38  Gateway  
  79  6:46  Probe  
  83  6:48  Probe, Disruptor (Chrono Boost)  
  84  6:59  Forge x2, Probe  
  84  7:00  Probe  
  86  7:04  Disruptor (Chrono Boost)  
  89  7:10  Adept x2  
  89  7:11  Probe  
  94  7:16  Pylon  
  94  7:26  Probe  
  94  7:28  Probe x2  
  100  7:31  Disruptor (Chrono Boost)  
  100  7:32  Pylon  
  100  7:34  Immortal (Chrono Boost)  
  104  7:37  Pylon  
  104  7:47  Resonating Glaives  
  104  7:51  Protoss Ground Armor Level 1 (Chrono Boost)  
  104  7:55  Protoss Ground Weapons Level 1 (Chrono Boost)  
  104  7:57  Probe  
  104  7:58  Dark Shrine, Probe  
  104  7:59  Probe  
  104  8:03  Pylon  
  104  8:05  Pylon  
  107  8:06  Stalker x2  
  107  8:07  Adept x2  
  107  8:08  Adept  
  117  8:15  Assimilator  
  117  8:19  Photon Cannon  
  117  8:20  Assimilator  
  117  8:24  Immortal  
  117  8:29  Immortal  
  125  8:37  Stalker x2  
  125  8:38  Stalker  
  125  8:39  Adept x2  
  135  8:58  Immortal  
  135  9:07  Nexus  
  135  9:08  Immortal  
  143  9:13  Pylon  
  143  9:14  Pylon  
  143  9:16  Pylon  
  143  9:23  Photon Cannon  
  143  9:25  Dark Templar x2  
  143  9:26  Dark Templar  
  143  9:30  Protoss Shields Level 1 (Chrono Boost)  
  149  9:34  Shadow Stride (Chrono Boost)  
  149  9:46  Pylon  
  149  9:48  Pylon  
  149  9:50  Pylon  
  149  9:51  Pylon  
  149  9:56  Immortal  
  123  10:02  Immortal  
  107  10:14  Dark Templar x3  
  96  10:48  Dark Templar x2  
  96  10:49  Dark Templar  
  75  11:05  Mothership Core  
  75  11:09  Dark Templar  
  75  11:11  Dark Templar  
  50  11:23  Dark Templar  
  52  11:29  Immortal  
  56  11:54  Assimilator  
  56  11:57  Probe x2  
  56  11:58  Assimilator  
  56  11:59  Immortal  
  62  12:03  Disruptor  
  65  12:23  Dark Templar  
  65  12:24  Dark Templar  
  67  12:38  Immortal  
  67  12:40  Archon  
  67  12:43  Dark Templar x2  
  75  12:52  Charge (Chrono Boost)  
  75  12:57  Probe  
  76  13:07  Probe  
  76  13:10  Zealot x2  
  76  13:11  Zealot x2  
  85  13:17  Disruptor  
  85  13:21  Gateway, Disruptor  
  85  13:23  Gateway  
  85  13:25  Gateway  
  91  13:27  Gateway  
  73  13:51  Dark Templar  
  73  13:52  Dark Templar x3  
  79  14:09  Disruptor  
  77  14:13  Archon  
  77  14:14  Disruptor  
  83  14:41  Immortal  
  81  14:50  Immortal  
  87  15:15  Immortal  
  88  15:27  Zealot x2  
  88  15:28  Zealot x3  
  93  15:29  Zealot, Immortal  
  97  15:49  Immortal  
  97  16:09  Immortal  
  93  16:23  Immortal  
  97  16:48  Immortal  
  101  16:57  Immortal  
  102  17:15  Dark Templar x2  
  101  17:16  Dark Templar x2  
  107  17:27  Immortal  
  111  17:30  Dark Templar x2  
  111  17:32  Immortal  
  119  18:06  Immortal x2  
  127  18:40  Disruptor  
  127  18:45  Disruptor  
  131  19:11  Disruptor  
  132  19:21  Disruptor  
  123  19:46  Zealot  
  123  19:47  Zealot x3  
  123  19:48  Zealot  
  66  20:46  Dark Templar  
  62  21:01  Zealot  
  62  21:23  Zealot  
  58  22:25  Disruptor  
  54  24:02  Zealot x2  
  56  24:03  Zealot  
  60  24:49  Zealot  
  60  24:50  Zealot  
  56  26:01  Disruptor  
  59  26:19  Zealot  
  59  27:03  Zealot  
Show
View Real Time Build Order
Export as new Build Order

Sorhey Terran - Winner!

Build Orders:  

Get SALT Encoding   

  12  0:04  SCV  
  13  0:17  SCV  
  14  0:23  Supply Depot  
  14  0:29  SCV  
  15  0:42  Refinery  
  15  0:45  SCV  
  15  0:46  Supply Depot  
  16  0:55  Barracks  
  16  0:58  SCV  
  17  1:09  Supply Depot  
  17  1:13  SCV  
  18  1:25  SCV  
  19  1:34  Refinery  
  19  1:37  SCV  
  20  1:46  Barracks  
  20  1:49  SCV  
  21  2:06  SCV  
  22  2:18  SCV  
  23  2:27  Bunker  
  23  2:29  Marine  
  24  2:31  SCV  
  25  2:44  SCV, Factory  
  26  2:47  Marine  
  27  2:51  Barracks Reactor  
  27  2:56  SCV  
  28  3:04  Marine  
  29  3:14  Refinery  
  29  3:22  Marine  
  30  3:28  Engineering Bay  
  31  3:47  Barracks  
  30  3:48  Barracks Tech Lab  
  30  3:50  Marine  
  30  3:51  Marine  
  32  4:04  Sensor Tower  
  32  4:08  Marine  
  32  4:09  Marine  
  34  4:22  SCV, Factory Tech Lab  
  35  4:26  Marine  
  35  4:27  Marine, Command Center  
  37  4:35  SCV  
  38  4:44  Marine  
  39  4:56  Sensor Tower  
  39  5:07  Supply Depot  
  45  5:14  Orbital Command  
  39  5:28  Marine  
  39  5:29  Marauder  
  39  5:30  Supply Depot  
  42  5:43  Refinery  
  42  5:50  Marauder  
  42  5:51  SCV  
  42  5:52  Supply Depot  
  45  5:57  Terran Infantry Weapons Level 1  
  45  5:59  SCV  
  45  6:03  SCV  
  47  6:08  Barracks Tech Lab  
  47  6:12  Marauder  
  47  6:14  Barracks  
  47  6:16  SCV  
  50  6:26  Supply Depot  
  50  6:33  Marauder  
  52  6:48  Supply Depot  
  52  6:54  Marauder, SCV  
  55  7:03  Starport  
  55  7:05  SCV  
  55  7:06  SCV  
  57  7:11  Supply Depot  
  57  7:13  Barracks Reactor  
  57  7:16  Marauder  
  57  7:17  SCV  
  57  7:21  Widow Mine  
  62  7:35  SCV  
  63  7:39  Supply Depot  
  63  7:47  SCV  
  63  7:49  Widow Mine  
  66  7:58  Starport Tech Lab  
  66  8:00  Missile Turret  
  66  8:14  Terran Infantry Armor Level 1  
  66  8:18  Combat Shields  
  66  8:20  Stimpack  
  66  8:22  Medivac  
  66  8:24  Armory  
  68  8:33  Supply Depot  
  68  8:52  Medivac  
  68  8:53  Missile Turret  
  70  8:58  Missile Turret  
  70  9:22  Medivac  
  70  9:23  Marauder x2  
  70  9:24  Marine x4  
  80  9:36  Fusion Core  
  80  9:41  Marine  
  80  9:42  Marine x3  
  80  9:44  Marauder  
  80  9:45  Marauder  
  88  9:51  Medivac  
  90  9:59  Marine  
  91  10:00  Marine x3  
  91  10:05  Marauder  
  91  10:06  Marauder  
  98  10:11  Concussive Shells  
  98  10:14  Terran Infantry Weapons Level 2  
  98  10:17  Marine  
  98  10:18  Marine x3  
  102  10:21  Medivac  
  102  10:27  Marauder x2  
  108  10:36  Terran Vehicle Weapons Level 1  
  108  10:48  Marauder  
  108  10:49  Marauder  
  112  10:57  Marine x4  
  116  11:09  Marine x2  
  118  11:15  Marine x4  
  116  11:27  Marine x2  
  113  11:32  Marine  
  114  11:40  Marine  
  114  11:41  Marine x2  
  114  11:44  Medivac  
  114  11:45  Marine x2  
  121  11:50  Marine  
  122  11:55  Command Center  
  122  11:58  Marine, Cloaking Field  
  122  11:59  Marine x2  
  125  12:02  Marine  
  125  12:03  Marine  
  127  12:14  Medivac  
  125  12:30  Terran Vehicle And Ship Armor Level 1  
  125  12:32  Unknown  
  125  12:37  Unknown  
  125  12:44  Medivac  
  125  12:51  Terran Infantry Armor Level 2  
  127  12:57  Marine  
  127  12:58  Marine x5  
  133  13:14  Medivac  
  133  13:15  Marine  
  133  13:16  Marine x5  
  141  13:33  Marine x5  
  141  13:34  Marine  
  147  13:44  Medivac  
  149  13:51  Marine x6  
  155  14:09  Marine x2  
  157  14:13  Unknown  
  157  14:24  Terran Ship Weapons Level 1  
  140  14:41  Sensor Tower  
  134  15:04  Marine x3  
  134  15:05  Marine x3  
  134  15:08  Medivac  
  134  15:11  Sensor Tower  
  108  15:22  Marine x6  
  96  15:38  Medivac  
  96  15:39  Marine  
  96  15:40  Marine x5  
  104  15:42  Command Center  
  104  15:44  Refinery  
  104  15:50  Refinery  
  104  15:51  Supply Depot  
  104  15:57  Marine  
  104  15:58  Marine x5  
  110  16:08  Medivac  
  111  16:16  Marine x2  
  107  16:36  Supply Depot  
  107  16:48  Refinery  
  107  16:49  Marine x6  
  113  16:58  Supply Depot  
  113  17:03  Terran Infantry Weapons Level 3  
  113  17:07  Marine x6  
  119  17:09  Missile Turret  
  119  17:24  Marine  
  119  17:25  Marine x5  
  125  17:36  Missile Turret  
  125  17:39  Missile Turret  
  125  17:42  Marine  
  125  17:43  Marine x5  
  106  18:01  Marine x2  
  94  18:19  Marine  
  94  18:20  Marine x5  
  100  18:37  Marine  
  100  18:38  Marine x5  
  106  18:45  Medivac  
  108  18:55  Marine  
  108  18:56  Marine x5  
  114  19:13  Marine x5  
  114  19:14  Marine  
  114  19:15  Medivac  
  122  19:30  Refinery  
  122  19:31  Marine x6  
  128  19:40  Terran Infantry Armor Level 3  
  128  19:45  Medivac  
  130  19:48  Marine  
  130  19:50  Marauder x2  
  135  20:11  Marauder x2  
  139  20:15  Medivac  
  141  20:32  Marauder  
  141  20:33  Marauder  
  144  20:36  Unknown  
  142  20:45  Medivac  
  141  21:17  Unknown, Medivac  
  136  21:47  Medivac  
  138  22:17  Medivac  
  140  22:23  Marine  
  140  22:24  Marine x5  
  146  22:41  Marine x6  
  146  22:42  Missile Turret  
  152  22:47  Medivac  
  154  22:59  Marine x6  
  160  23:16  Marine  
  160  23:17  Marine x5, Medivac  
  168  23:34  Marine  
  168  23:35  Marine x5  
  170  23:47  Medivac  
  172  23:52  Marine  
  172  23:53  Marine x5  
  178  24:10  Marine x2  
  180  24:17  Medivac  
  180  24:19  Marine  
  180  24:20  Marine x3  
  186  24:29  Marauder x2  
  190  24:34  Missile Turret  
  190  24:37  Refinery, Marine x4  
  194  24:40  Building Armor  
  194  24:47  Terran Vehicle Weapons Level 2, Medivac  
  194  24:50  Marauder x2  
  196  26:15  Marauder  
  196  26:17  Marauder  
Show
View Real Time Build Order
Export as new Build Order

A.I. 3 (Easy) Zerg 

Build Orders: Pool First 

Get SALT Encoding   

  12  0:01  Drone  
  13  0:12  Overlord  
  13  0:17  Drone  
  14  0:30  Drone  
  14  0:34  Drone  
  16  0:42  Spawning Pool  
  16  0:45  Drone  
  16  0:48  Extractor  
  15  0:51  Drone  
  16  0:59  Overlord  
  16  1:31  Queen, Zergling x2  
  19  1:33  Roach Warren  
  19  1:34  Extractor  
  19  1:37  Drone  
  18  1:42  Drone  
  18  1:43  Zergling x2  
  20  1:55  Zergling x2  
  21  2:08  Zergling x2  
  22  2:13  Overlord  
  22  2:24  Zergling x2  
  23  2:36  Drone  
  24  2:37  Zergling x2  
  24  2:40  Drone  
  26  2:45  Drone  
  26  2:49  Drone  
  28  2:58  Roach  
  30  3:08  Drone  
  30  3:09  Overlord  
  30  3:10  Roach  
  33  3:13  Drone  
  34  4:11  Zergling x2  
  34  6:50  Drone, Lair, Overlord  
  35  6:54  Drone  
  35  6:57  Hatchery  
  35  6:59  Drone  
  36  7:03  Drone  
  37  7:20  Zergling x2  
  28  7:44  Roach  
  28  7:48  Overseer  
  28  7:49  Overseer  
  28  7:50  Hydralisk Den  
  28  8:10  Ravager  
  28  8:11  Drone, Roach  
  32  8:15  Drone  
  32  8:19  Extractor  
  33  8:20  Drone  
  33  8:22  Extractor  
  33  8:24  Drone  
  33  8:28  Drone  
  33  8:32  Drone  
  35  8:35  Hydralisk  
  35  8:37  Drone  
  38  8:41  Drone  
  38  8:46  Drone  
  40  8:50  Drone  
  40  8:55  Drone  
  42  8:59  Drone, Hydralisk  
  45  9:03  Drone  
  45  9:08  Drone  
  47  9:12  Drone  
  47  9:16  Drone  
  49  9:21  Drone  
  50  9:24  Ravager  
  50  9:25  Roach  
  53  11:53  Hatchery  
  52  11:57  Pneumatized Carapace  
  52  11:58  Infestation Pit, Overlord, Overseer  
  51  12:01  Evolution Chamber  
  51  12:05  Spire  
  49  12:28  Zergling x2  
  46  12:30  Zerg Melee Weapons Level 1  
  37  12:41  Hive  
  37  12:48  Overseer  
  37  13:06  Drone  
  37  13:10  Drone  
  39  13:15  Drone  
  39  13:18  Corruptor  
  39  13:19  Drone  
  43  13:24  Drone  
  43  13:26  Extractor  
  43  13:28  Drone  
  43  13:32  Extractor  
  43  13:33  Drone  
  44  13:36  Overseer  
  44  13:37  Drone  
  45  13:54  Drone  
  45  13:55  Greater Spire  
  46  13:59  Drone  
  46  14:01  Overlord  
  47  14:03  Drone  
  48  14:24  Zerg Ground Armor Level 1  
  48  14:56  Hatchery  
  47  15:14  Zergling x2  
  47  15:38  Corruptor  
  47  16:07  Zergling x2  
  47  16:09  Drone  
  46  16:15  Drone  
  46  16:16  Zerg Flyer Weapons Level 1  
  30  16:19  Drone, Zerg Missile Weapons Level 1  
  30  16:22  Zergling x2  
  30  16:24  Drone  
  32  16:25  Extractor  
  32  16:28  Drone  
  30  16:33  Drone  
  30  16:37  Roach  
  30  16:38  Drone  
  27  16:43  Drone  
  28  16:47  Drone  
  28  16:51  Mutalisk  
  28  16:52  Drone  
  30  16:56  Drone  
  30  17:01  Drone  
  30  17:04  Extractor  
  30  17:05  Drone  
  30  17:06  Corruptor  
  30  17:10  Drone  
  30  17:14  Drone  
  32  17:18  Drone  
  33  17:23  Drone  
  33  17:24  Hatchery  
  33  17:27  Drone  
  34  17:30  Extractor  
  34  17:32  Drone  
  34  17:33  Extractor  
  34  17:36  Drone  
  34  17:41  Drone  
  34  17:43  Corruptor  
  37  17:44  Brood Lord  
  37  17:46  Drone  
  41  17:51  Drone  
  41  17:56  Drone  
  42  18:01  Drone  
  43  18:06  Drone, Overlord  
  43  18:10  Zerg Flyer Armor Level 1  
  43  18:11  Drone  
  43  18:12  Zerg Melee Weapons Level 2  
  45  18:16  Drone  
  46  18:20  Brood Lord  
  46  18:25  Drone, Corruptor  
  51  18:27  Overlord  
  51  18:31  Overseer  
  51  18:37  Drone  
  52  18:45  Drone, Corruptor, Overlord  
  53  18:49  Drone  
  53  19:01  Brood Lord  
  55  19:04  Corruptor  
  55  19:05  Drone, Overlord  
  59  19:10  Drone  
  59  19:14  Drone  
  60  19:18  Drone  
  60  19:19  Zergling x2  
  60  19:23  Drone  
  58  19:27  Drone  
  59  19:32  Drone  
  59  19:35  Overseer  
  59  19:38  Drone  
  61  19:42  Drone  
  62  19:47  Drone  
  62  19:50  Overlord  
  62  19:52  Drone  
  64  19:56  Drone  
  65  20:00  Drone  
  65  20:03  Zergling x2  
  65  20:05  Drone  
  68  20:07  Zergling x2  
  68  20:10  Overlord  
  68  20:12  Mutalisk  
  71  20:17  Mutalisk  
  73  20:22  Zergling x2  
  73  20:27  Zergling x2  
  73  20:28  Zerg Missile Weapons Level 2  
  75  20:31  Mutalisk  
  75  20:35  Mutalisk  
  76  20:39  Overlord  
  76  20:41  Zergling x2  
  75  20:45  Zergling x2  
  75  20:46  Drone  
  65  20:50  Drone, Zergling x2  
  65  20:51  Overseer  
  65  20:52  Overseer  
  68  20:57  Overlord, Zergling x2  
  68  21:01  Zergling x2  
  69  21:05  Mutalisk  
  71  21:11  Zergling x2  
  71  21:15  Mutalisk  
  73  21:19  Overlord  
  73  21:21  Mutalisk  
  72  21:27  Overseer  
  72  21:30  Overlord  
  72  21:34  Overlord  
  72  21:37  Mutalisk  
  74  21:40  Hatchery  
  74  21:41  Drone  
  74  21:48  Drone  
  74  21:54  Drone  
  76  21:55  Zergling x2  
  76  22:00  Zergling x2  
  66  22:05  Zergling x2  
  66  22:08  Overlord  
  67  22:10  Zergling x2  
  67  22:13  Overseer  
  67  22:14  Zergling x2  
  69  22:19  Zergling x2  
  70  22:23  Zergling x2  
  70  22:28  Mutalisk, Overlord  
  73  22:43  Roach  
  73  22:44  Zerg Ground Armor Level 2  
  75  22:51  Overseer  
  75  22:52  Overlord  
  75  22:57  Roach  
  76  23:37  Mutalisk, Hatchery  
  48  23:42  Mutalisk  
  48  23:43  Overlord  
  48  23:46  Mutalisk  
  25  23:51  Mutalisk  
  25  23:52  Drone  
  25  23:53  Drone x2  
  25  23:54  Drone x2  
  15  23:55  Mutalisk  
  15  24:00  Zergling x2  
  18  24:14  Zergling x2  
  19  24:27  Zergling x2  
  19  24:28  Drone  
  19  24:31  Extractor  
  20  24:32  Drone  
  20  24:37  Drone  
  22  24:41  Drone, Zergling x2  
  24  24:45  Drone  
  24  24:50  Drone  
  26  24:54  Drone  
  26  24:55  Zergling x2  
  26  24:58  Drone  
  28  25:03  Drone  
  29  25:08  Drone  
  29  25:09  Zergling x2  
  29  25:12  Drone  
  26  25:17  Drone  
  27  25:21  Drone  
  27  25:23  Hydralisk  
  27  25:26  Drone  
  27  25:28  Hatchery  
  30  25:30  Drone  
  25  25:35  Drone  
  25  25:37  Hydralisk  
  25  25:40  Drone  
  19  25:44  Drone  
  20  25:50  Drone  
  20  25:51  Zergling x2  
  20  25:54  Drone  
  21  25:59  Drone  
  21  26:04  Drone  
  22  26:05  Mutalisk, Hatchery  
  22  26:08  Drone  
  22  26:09  Ultralisk Cavern  
  23  26:12  Drone  
  23  26:17  Drone  
  25  26:21  Roach  
  25  26:25  Drone, Overlord  
  25  26:30  Drone  
  23  26:34  Hydralisk, Queen  
  13  26:47  Hydralisk  
  13  26:51  Drone, Extractor  
  10  26:59  Hatchery  
  10  27:01  Drone  
Show
View Real Time Build Order
Export as new Build Order

A.I. 4 (Elite) Terran 

Build Orders: MMM Bio 

Get SALT Encoding   

  12  0:01  SCV  
  13  0:13  SCV  
  14  0:18  Supply Depot  
  14  0:25  SCV  
  15  0:39  SCV  
  16  0:44  Barracks  
  16  0:52  SCV  
  17  1:04  SCV  
  18  1:10  Refinery  
  18  1:13  Supply Depot  
  18  1:16  SCV  
  19  1:28  SCV  
  20  1:33  Marine  
  21  1:43  Command Center  
  21  2:06  Barracks  
  21  2:08  SCV  
  22  2:11  Marine  
  22  2:13  Factory  
  23  2:20  SCV  
  24  2:25  Supply Depot  
  24  2:30  Marine  
  24  2:32  SCV  
  26  2:44  SCV  
  26  2:48  Marine  
  28  2:55  Orbital Command  
  28  2:56  SCV  
  29  2:59  Factory Tech Lab  
  29  3:04  Refinery  
  29  3:11  Orbital Command  
  29  3:13  Marine  
  29  3:16  Marine  
  31  3:22  SCV  
  32  3:31  Marine  
  32  3:34  Marine, SCV  
  33  3:36  SCV  
  35  3:45  Barracks  
  35  3:46  SCV  
  36  3:48  SCV  
  36  3:49  Marine  
  36  3:52  Barracks Tech Lab  
  38  3:58  SCV  
  38  4:00  SCV  
  38  4:02  Starport  
  40  4:08  Barracks Tech Lab  
  40  4:10  Marine, SCV  
  40  4:13  SCV  
  40  4:14  Stimpack  
  43  4:22  SCV  
  43  4:23  Supply Depot  
  44  4:25  SCV  
  44  4:26  Marine, Combat Shields  
  44  4:28  Marine  
  47  4:32  Marine  
  47  4:34  SCV  
  47  4:37  SCV  
  50  4:42  Medivac  
  50  4:44  Marine  
  53  4:45  Marine  
  53  4:46  SCV  
  53  4:47  Supply Depot  
  53  4:49  SCV  
  53  4:50  Marine, Supply Depot  
  57  4:58  SCV  
  58  5:01  SCV  
  58  5:02  Marine  
  58  5:04  Marauder  
  58  5:06  Refinery  
  62  5:10  SCV  
  62  5:13  Engineering Bay  
  63  5:16  SCV  
  63  5:20  Marauder  
  66  5:23  SCV  
  66  5:24  Refinery  
  66  5:25  Marauder  
  66  5:28  SCV  
  70  5:29  Supply Depot  
  70  5:35  SCV  
  70  5:38  Terran Infantry Armor Level 1  
  70  5:40  SCV  
  70  5:42  Marauder  
  73  5:43  Barracks Reactor, Engineering Bay  
  73  5:47  Marauder, SCV  
  76  5:50  Command Center  
  76  6:00  SCV  
  76  6:02  SCV, Supply Depot  
  76  6:03  Marauder  
  80  6:08  Marauder  
  80  6:09  Terran Infantry Weapons Level 1  
  82  6:12  SCV  
  83  6:19  SCV  
  83  6:21  Missile Turret  
  83  6:23  Medivac, Missile Turret  
  83  6:24  Marauder  
  88  6:26  Supply Depot  
  88  6:28  Concussive Shells  
  88  6:29  Marauder  
  90  6:39  Barracks  
  90  6:46  Marauder  
  92  6:48  Marine, Missile Turret  
  92  6:49  Marine  
  92  6:51  Marauder  
  92  6:52  Supply Depot  
  96  6:55  Starport Reactor  
  96  7:03  Factory, SCV  
  96  7:04  SCV  
  96  7:05  SCV  
  96  7:06  Marine  
  96  7:07  Marauder  
  102  7:12  Marauder  
  102  7:15  SCV  
  104  7:16  SCV  
  104  7:19  SCV  
  104  7:21  Supply Depot  
  106  7:27  SCV  
  106  7:28  Marauder  
  106  7:29  SCV  
  110  7:31  SCV, Medivac, Viking  
  110  7:34  Marauder  
  117  7:39  SCV  
  117  7:41  SCV  
  117  7:43  SCV  
  120  7:44  Supply Depot  
  120  7:50  Marauder  
  122  7:51  SCV  
  122  7:53  SCV, Missile Turret  
  122  7:55  Marauder  
  122  7:56  SCV  
  122  7:58  Missile Turret  
  126  8:01  Viking, Medivac  
  126  8:03  SCV  
  131  8:06  SCV  
  131  8:08  SCV, Siege Tank  
  131  8:10  Supply Depot  
  131  8:11  Marauder, Command Center  
  138  8:16  Marauder  
  140  8:21  Orbital Command  
  140  8:33  Marauder  
  142  8:35  Supply Depot  
  142  8:38  Armory  
  142  8:40  Siege Tank  
  145  8:46  Missile Turret  
  145  8:53  Refinery  
  145  8:55  Refinery  
  145  8:57  Viking  
  145  8:58  Viking  
  145  9:01  Supply Depot  
  149  9:08  Missile Turret  
  149  9:12  Siege Tank  
  152  9:19  Missile Turret  
  152  9:24  Missile Turret  
  152  9:26  SCV  
  152  9:27  Viking, SCV  
  152  9:28  SCV, Terran Infantry Weapons Level 2, Starport, Factory Tech Lab  
  157  9:32  Armory  
  157  9:44  Siege Tank  
  160  9:48  Viking  
  162  9:55  Refinery, Planetary Fortress  
  162  9:56  Command Center  
  162  9:59  Supply Depot  
  162  10:10  Missile Turret  
  162  10:13  Hi-Sec Auto Tracking  
  162  10:14  Ghost Academy, Starport Tech Lab  
  162  10:16  Marine  
  162  10:17  Marine  
  162  10:18  Marine  
  162  10:19  Missile Turret  
  162  10:20  Marine  
  166  10:29  Viking  
  166  10:32  Raven  
  166  10:34  Viking  
  166  10:35  High Capacity Fuel Tanks  
  172  10:36  Marine  
  172  10:38  Marine  
  172  10:39  Marine  
  172  10:41  Refinery  
  169  10:46  Ghost  
  167  10:52  Missile Turret  
  167  10:54  Ghost  
  167  10:56  Missile Turret  
  169  10:58  Viking  
  169  11:00  Supply Depot  
  169  11:03  Viking  
  168  11:04  Barracks, Barracks Tech Lab  
  168  11:07  Marine  
  168  11:08  Marine  
  157  11:15  Marine, Refinery, Raven  
  148  11:22  Marine  
  148  11:23  Marine  
  148  11:25  Marine  
  125  11:26  Marine  
  125  11:30  Siege Tank  
  125  11:32  Ghost  
  103  11:33  Siege Tank  
  104  11:40  Marauder  
  104  11:41  Marauder  
  104  11:43  Marine  
  104  11:44  Marine  
  108  11:50  Marine, Medivac  
  111  11:55  Refinery, Medivac  
  111  12:00  Marine  
  114  12:02  Marauder x2, Marine, Ghost, Siege Tank  
  114  12:05  Siege Tank  
  114  12:08  Marine  
  128  12:18  Marine  
  128  12:20  Marine  
  130  12:23  Marauder x2  
  130  12:26  Marine  
  135  12:31  Marine  
  135  12:34  Siege Tank  
  139  12:37  Siege Tank  
  142  12:44  Marauder  
  142  12:45  Marauder  
  142  12:49  Marauder, SCV  
  148  13:02  Viking  
  148  13:05  Terran Infantry Weapons Level 3  
  150  13:06  Marauder x2, Terran Infantry Armor Level 2, Siege Tank  
  150  13:09  Siege Tank  
  150  13:10  Marauder  
  150  13:11  Raven  
  160  13:27  Marauder x2  
  160  13:28  Marine  
  160  13:32  Marauder, Marine  
  160  13:34  Marine, SCV  
  159  13:38  Siege Tank  
  155  13:41  Siege Tank  
  155  13:42  SCV  
  155  13:43  SCV  
  155  13:45  Marine  
  140  13:48  Viking  
  140  13:49  Marauder x2  
  140  13:50  Marine, Viking  
  140  13:52  Marine x2  
  140  13:53  SCV  
  140  13:54  Viking  
  142  14:00  SCV  
  142  14:01  SCV  
  132  14:03  Marine, SCV  
  132  14:08  Marine  
  132  14:09  Marine  
  135  14:10  Marine x2, Marauder, Siege Tank  
  135  14:13  Siege Tank  
  146  14:21  Marine  
  147  14:25  Marine  
  147  14:28  Marauder  
  147  14:29  Marine, Marauder  
  153  14:31  Marauder  
  153  14:37  SCV  
  153  14:38  Viking  
  157  14:39  Marine  
  157  14:42  Siege Tank  
  157  14:43  Marine  
  162  14:45  Siege Tank  
  162  14:46  Marine, Planetary Fortress  
  162  14:49  Marauder, Marine  
  162  14:52  Medivac  
  171  14:53  Marauder  
  171  14:54  Missile Turret  
  171  14:55  Medivac  
  173  15:00  Missile Turret  
  162  15:08  Marauder, Medivac  
  162  15:11  Marauder  
  162  15:12  Marine x2  
  162  15:13  Marine  
  150  15:14  Marauder, Siege Tank  
  150  15:17  Siege Tank  
  152  15:22  Medivac  
  152  15:24  Raven  
  133  15:29  Marine x2  
  133  15:30  Marine  
  133  15:31  Marine  
  133  15:32  Marauder  
  141  15:36  Marauder  
  139  15:46  Ghost  
  139  15:47  Marine  
  139  15:48  Marine  
  139  15:49  Marine  
  144  15:53  Ghost  
  144  15:56  Ghost  
  141  16:07  Raven  
  138  16:16  Marauder  
  138  16:17  Command Center  
  137  16:22  Marauder, SCV  
  137  16:24  SCV x2  
  137  16:25  Marauder, SCV  
  137  16:27  Marine  
  137  16:29  Marine  
  137  16:31  Marine  
  139  16:34  SCV  
  139  16:36  Marine, SCV  
  139  16:38  SCV x2  
  144  16:43  Marauder  
  144  16:45  Marine  
  144  16:46  SCV  
  149  16:47  Marauder  
  148  16:54  Ghost  
  146  17:01  SCV  
  146  17:04  SCV  
  146  17:05  Marauder  
  146  17:07  SCV, Ghost  
  151  17:13  SCV  
  152  17:15  Command Center  
  152  17:16  SCV  
  152  17:20  SCV  
  154  17:23  Marauder  
  154  17:25  Marine, SCV  
  154  17:28  SCV, Command Center  
  159  17:32  SCV  
  159  17:33  Marauder  
  162  17:40  SCV  
  162  17:41  SCV  
  164  17:44  Supply Depot  
  164  17:45  SCV  
  164  17:47  Marine  
  164  17:49  Marine  
  165  17:52  SCV  
  165  17:53  Marine, SCV  
  165  17:57  SCV  
  152  17:59  Marine  
  152  18:00  Marine  
  152  18:02  Marine  
  152  18:04  SCV  
  152  18:05  Marine  
  138  18:06  SCV  
  138  18:09  SCV  
  138  18:12  Marine  
  140  18:13  Marine  
  140  18:16  SCV  
  140  18:17  Marine  
  143  18:21  Marine  
  143  18:23  Marine x2  
  146  18:30  Marine  
  146  18:31  Marine  
  148  18:35  Marauder  
  148  18:40  Marauder  
  154  18:41  Marauder  
  154  18:56  Marauder  
  154  19:02  Marauder, Ghost  
  158  19:15  Siege Tank  
  161  19:17  Ghost, Raven  
  161  19:22  Ghost  
  161  19:23  Hellion  
  171  19:31  Marauder  
  171  19:45  Hellion  
  173  19:46  Marauder  
  173  19:47  Siege Tank  
  173  19:50  Factory  
  173  19:51  Ghost  
  173  19:52  Ghost  
  182  20:06  Hellion  
  184  20:07  Ghost  
  186  20:16  Marine x2  
  186  20:17  Marine  
  186  20:19  Ghost, Siege Tank  
  186  20:20  Ghost  
  165  20:27  Thor  
  162  20:34  Marine x2  
  162  20:35  Hellion, Marine  
  154  20:36  Marauder  
  147  20:49  Marauder  
  150  20:50  Marauder  
  150  20:51  Marine, Siege Tank  
  150  20:52  Marine  
  150  20:53  Marine  
  156  20:58  Marauder  
  156  21:02  Hellion  
  135  21:09  Marine, Ghost  
  135  21:10  Marine x2, Hellion, Ghost  
  133  21:19  Marauder  
  133  21:23  Hellion  
  133  21:24  Siege Tank  
  133  21:27  Marine  
  133  21:28  Marine x2  
  133  21:31  Siege Tank  
  139  21:38  Marine  
  139  21:39  Marine  
  123  21:40  Marauder  
  123  21:45  Hellion, Marine x2, Command Center  
  123  21:46  Marine  
  102  21:56  Marauder, Siege Tank  
  102  21:57  Marine  
  103  22:01  Marine  
  103  22:03  Marine x2  
  103  22:04  Hellion, Marine  
  103  22:06  Hellion  
  110  22:15  Marauder  
  109  22:17  Marine  
  109  22:19  Ghost  
  109  22:20  Marine  
  109  22:21  Marine  
  109  22:22  Marine  
  111  22:25  Hellion  
  113  22:35  Marine  
  113  22:36  Marine  
  115  22:38  Marine  
  116  22:48  Marauder  
  116  22:51  Siege Tank  
  121  22:53  Marauder  
  121  22:54  Marauder  
  122  23:10  Marauder, SCV  
  99  23:13  Command Center  
  99  23:15  Marauder, Ghost  
  92  23:30  Ghost  
  81  24:18  SCV  
  81  24:19  SCV  
  79  24:25  SCV  
  79  24:31  SCV  
  81  25:17  SCV  
  81  25:18  SCV  
  67  25:29  SCV  
  67  25:30  SCV  
  68  25:42  SCV  
Show
View Real Time Build Order
Export as new Build Order

A.I. 5 (Very Hard) Protoss 

Build Orders:  

Get SALT Encoding   

  12  0:01  Probe (Chrono Boost)  
  13  0:11  Probe (Chrono Boost)  
  14  0:20  Pylon  
  14  0:22  Probe (Chrono Boost)  
  15  0:39  Probe (Chrono Boost)  
  16  0:47  Assimilator  
  16  0:49  Probe (Chrono Boost)  
  17  0:51  Gateway  
  17  1:00  Probe (Chrono Boost)  
  17  1:01  Pylon  
  18  1:10  Probe (Chrono Boost)  
  19  1:21  Probe (Chrono Boost)  
  20  1:32  Probe (Chrono Boost)  
  21  1:35  Zealot  
  23  1:43  Probe (Chrono Boost)  
  24  1:52  Nexus  
  25  1:55  Probe (Chrono Boost)  
  25  2:05  Cybernetics Core  
  25  2:16  Gateway  
  25  2:22  Pylon  
  25  2:24  Zealot  
  28  2:30  Probe (Chrono Boost)  
  28  2:34  Warp Gate  
  28  2:41  Assimilator  
  28  2:42  Probe (Chrono Boost)  
  29  2:50  Adept  
  31  2:53  Probe (Chrono Boost)  
  32  3:01  Adept  
  32  3:05  Probe x2 (Chrono Boost)  
  35  3:07  Pylon  
  35  3:16  Probe (Chrono Boost)  
  35  3:18  Stalker  
  36  3:24  Probe (Chrono Boost)  
  40  3:28  Probe (Chrono Boost)  
  40  3:36  Probe (Chrono Boost)  
  40  3:39  Probe (Chrono Boost)  
  42  3:42  Robotics Facility  
  42  3:44  Adept  
  45  3:49  Probe (Chrono Boost)  
  45  3:51  Probe (Chrono Boost)  
  45  3:53  Adept  
  48  4:00  Probe (Chrono Boost)  
  48  4:02  Probe (Chrono Boost)  
  50  4:11  Probe (Chrono Boost), Adept  
  50  4:14  Probe (Chrono Boost), Pylon  
  54  4:23  Probe (Chrono Boost)  
  55  4:25  Probe (Chrono Boost)  
  55  4:26  Stalker  
  55  4:30  Immortal  
  62  4:35  Probe (Chrono Boost), Pylon  
  62  4:37  Probe (Chrono Boost)  
  64  4:45  Stalker  
  67  4:46  Probe (Chrono Boost)  
  67  4:48  Probe (Chrono Boost)  
  67  4:52  Robotics Facility  
  68  5:04  Stalker, Probe (Chrono Boost)  
  68  5:06  Immortal  
  72  5:07  Probe (Chrono Boost)  
  72  5:10  Pylon  
  76  5:14  Pylon  
  76  5:20  Stalker  
  78  5:28  Sentry  
  78  5:29  Probe (Chrono Boost), Gateway  
  78  5:30  Probe (Chrono Boost)  
  81  5:35  Assimilator  
  81  5:41  Stalker, Probe (Chrono Boost)  
  84  5:44  Pylon  
  84  5:50  Zealot  
  84  5:51  Assimilator  
  86  5:59  Probe (Chrono Boost)  
  86  6:02  Zealot  
  89  6:06  Robotics Bay  
  89  6:07  Nexus  
  89  6:11  Pylon  
  89  6:21  Probe (Chrono Boost)  
  90  6:27  Sentry  
  92  6:36  Pylon  
  92  6:39  Forge  
  92  6:42  Pylon  
  92  6:47  Forge  
  92  6:50  Observer  
  92  6:52  Colossus  
  92  6:53  Gateway  
  99  7:05  Protoss Ground Weapons Level 1  
  99  7:08  Colossus  
  99  7:12  Protoss Ground Armor Level 1  
  105  7:15  Stalker  
  105  7:16  Photon Cannon  
  105  7:21  Probe x2 (Chrono Boost), Pylon  
  105  7:22  Probe (Chrono Boost)  
  110  7:28  Assimilator  
  110  7:32  Probe (Chrono Boost), Pylon  
  110  7:33  Probe (Chrono Boost)  
  110  7:34  Assimilator, Probe (Chrono Boost)  
  113  7:42  Photon Cannon  
  113  7:43  Colossus  
  113  7:44  Probe (Chrono Boost)  
  114  7:46  Probe x2 (Chrono Boost), Photon Cannon  
  122  7:53  Photon Cannon  
  122  7:55  Probe (Chrono Boost)  
  122  7:57  Probe (Chrono Boost)  
  122  7:58  Probe (Chrono Boost)  
  125  8:01  Immortal  
  129  8:06  Probe (Chrono Boost)  
  129  8:07  Extended Thermal Lance  
  129  8:09  Probe x2 (Chrono Boost)  
  131  8:18  Probe (Chrono Boost)  
  131  8:19  Pylon  
  133  8:20  Probe (Chrono Boost)  
  133  8:21  Probe (Chrono Boost)  
  133  8:26  Stalker  
  136  8:27  Stalker  
  136  8:30  Probe (Chrono Boost)  
  136  8:32  Probe (Chrono Boost)  
  136  8:33  Probe (Chrono Boost)  
  141  8:38  Immortal  
  145  8:44  Photon Cannon  
  145  8:45  Disruptor  
  145  8:46  Photon Cannon  
  148  8:54  Stalker  
  148  8:55  Pylon  
  150  9:00  Stalker  
  150  9:01  Protoss Shields Level 1  
  152  9:16  Observer  
  152  9:17  Disruptor, Pylon  
  152  9:22  Stalker, Photon Cannon  
  158  9:36  Gateway, Observer  
  158  9:37  Nexus  
  159  9:42  Twilight Council  
  159  9:47  Pylon  
  159  9:50  Warp Prism  
  159  9:51  Stalker, Photon Cannon  
  161  9:54  Photon Cannon, Warp Prism  
  161  9:57  Zealot  
  161  9:59  Zealot  
  137  10:02  Adept  
  125  10:13  Adept  
  94  10:16  Sentry  
  94  10:17  Blink  
  94  10:19  Stalker  
  94  10:20  Zealot  
  96  10:25  Immortal  
  100  10:30  Stalker  
  100  10:32  Stalker  
  100  10:35  Immortal  
  104  10:37  Zealot  
  104  10:39  Stalker  
  104  10:41  Zealot  
  114  10:52  Stalker  
  114  10:55  Stalker  
  114  10:57  Stalker  
  120  10:59  Zealot  
  120  11:00  Zealot  
  124  11:08  Immortal  
  128  11:13  Stalker  
  128  11:16  Stalker, Immortal  
  128  11:18  Zealot, Stalker  
  138  11:19  Stalker  
  142  11:34  Zealot  
  142  11:37  Zealot x2  
  148  11:40  Zealot  
  148  11:41  Zealot  
  148  11:46  Immortal  
  152  11:52  Immortal  
  152  11:53  Zealot  
  157  11:56  Zealot  
  157  11:57  Zealot  
  157  11:59  Zealot  
  157  12:00  Zealot  
  169  12:13  Zealot  
  169  12:14  Zealot  
  173  12:15  Sentry  
  173  12:18  Photon Cannon  
  173  12:19  Zealot, Adept  
  173  12:21  Photon Cannon  
  151  12:23  Observer  
  151  12:26  Colossus, Photon Cannon  
  119  12:31  Zealot  
  119  12:33  Zealot  
  117  12:37  Adept  
  117  12:38  Stalker, Sentry, Templar Archives  
  117  12:39  Colossus  
  109  12:50  Zealot  
  117  12:52  Stalker  
  117  12:56  Zealot  
  121  12:58  Stalker  
  121  13:00  Zealot  
  125  13:09  Stalker  
  127  13:14  Zealot, Stalker  
  127  13:15  Assimilator  
  127  13:17  Immortal  
  127  13:19  Stalker  
  133  13:20  Stalker  
  139  13:30  Zealot, Immortal  
  139  13:33  High Templar  
  147  13:35  Stalker  
  147  13:40  Zealot, Assimilator  
  151  13:42  Stalker  
  152  13:49  Stalker  
  152  13:51  Colossus  
  154  13:56  Stalker  
  154  13:59  High Templar  
  164  14:03  Zealot  
  164  14:05  Stalker  
  164  14:06  Immortal  
  172  14:12  Stalker  
  172  14:15  Nexus  
  174  14:18  Zealot  
  174  14:22  Zealot  
  168  14:26  Zealot  
  168  14:29  Stalker  
  146  14:32  Zealot  
  146  14:37  Stalker  
  140  14:41  Stalker  
  140  14:43  Immortal x2  
  140  14:44  Sentry  
  118  14:50  Stalker  
  118  14:51  Zealot  
  102  14:58  Stalker  
  92  15:02  Adept  
  92  15:05  Zealot  
  90  15:11  Adept x2  
  90  15:12  Stalker  
  81  15:14  Stalker  
  81  15:18  Zealot  
  81  15:19  Immortal x2  
  71  15:22  High Templar  
  71  15:24  Sentry  
  71  15:28  Probe (Chrono Boost)  
  73  15:29  Probe (Chrono Boost)  
  73  15:33  Zealot  
  66  15:37  Stalker, Sentry  
  69  15:45  Stalker  
  71  15:52  High Templar, Adept  
  75  15:58  Zealot, Stalker  
  79  16:06  Pylon  
  79  16:07  Stalker  
  81  16:16  Pylon  
  63  16:19  Adept  
  63  16:20  High Templar  
  49  16:25  Zealot  
  49  16:27  High Templar  
  49  16:35  Stalker  
  51  16:40  Stalker  
  51  16:46  Stalker  
  55  16:51  Stalker  
  57  16:57  Zealot, High Templar  
  51  17:03  High Templar  
  51  17:07  Adept  
  55  17:14  Stalker  
  57  17:17  Sentry, Archon  
  59  17:25  High Templar  
  59  17:27  High Templar  
  63  17:32  Adept  
  63  17:35  Zealot  
  63  17:36  Probe (Chrono Boost)  
  68  17:38  Probe (Chrono Boost)  
  68  17:40  Probe (Chrono Boost)  
  68  17:41  Probe (Chrono Boost)  
  71  17:47  Probe (Chrono Boost)  
  71  17:49  Probe (Chrono Boost)  
  71  17:51  Probe (Chrono Boost)  
  74  17:52  Probe (Chrono Boost)  
  74  17:58  Probe (Chrono Boost)  
  76  18:00  Probe (Chrono Boost)  
  76  18:02  High Templar, Adept  
  75  18:10  Stalker  
  61  18:16  Zealot  
  61  18:23  Stalker  
  61  18:26  Archon  
  61  18:27  High Templar  
  65  18:34  High Templar  
  65  18:37  Stalker  
  63  18:44  Stalker  
  47  18:56  High Templar  
  47  18:58  High Templar  
  39  19:04  High Templar  
  39  19:05  High Templar  
  39  19:25  Archon  
  39  19:29  Nexus  
  38  19:35  Pylon  
  38  19:37  Twilight Council  
  38  20:18  Templar Archives  
  38  20:54  High Templar  
  40  20:57  High Templar  
Tags
 
Add a new tag
Caveats
  • Supply blocks, unpowered buildings, or Contaminate may cause inaccurate times.
  • Supply counts are checked every 10 seconds.